 Dungeon Crawl Stone Soup version 0.30-a0-1074-g5db6f66fbb (webtiles) character file.

Game seed: 2135050606608030490

15996 BubbleThief the Severer (level 12, -5/117 HPs)
             Began as a Hill Orc Fighter on Apr 13, 2023.
             Was a Believer of the Shining One (penitent).
             Slain by a salamander
             ... wielding a +0 glaive
              (13 damage)
             ... in a volcano.
             The game lasted 00:12:58 (10489 turns).

BubbleThief the Severer (Hill Orc Fighter)         Turns: 10489, Time: 00:12:59

Health: -5/117     AC: 17    Str: 22    XL:     12   Next: 32%
Magic:  12/12      EV: 14    Int:  8    God:    the Shining One [**....]
Gold:   912        SH:  4    Dex: 10    Spells: 11/11 levels left

rFire   . . .      SeeInvis +    s - +3 war axe (spect)
rCold   . . .      Faith    .    c - +0 buckler
rNeg    + . .      Spirit   .    y - +0 chain mail {rPois}
rPois   +          Reflect  .    (helmet restricted)
rElec   .          Rampage  .    p - +1 cloak
rCorr   .                        (no gloves)
Will    .....                    O - +0 pair of boots Stlth
                                 (no amulet)
HPRegen 0.39/turn                l - +5 ring of evasion
MPRegen 0.13/turn                h - ring of see invisible

@: marked
A: horns 1, weak 1, sturdy frame 1
a: Renounce Religion


You were in a volcano.
You worshipped the Shining One.
The Shining One was demanding penance.
You visited 2 branches of the dungeon, and saw 12 of its levels.
You also visited: Ossuary and Volcano.

You collected 912 gold pieces.

Inventory:

Hand Weapons
 s - a +3 spectral war axe (weapon)
Armour
 c - a +0 buckler (worn)
 p - a +1 cloak (worn)
 y - a +0 chain mail of poison resistance (worn)
 O - a +0 pair of boots (worn)
Jewellery
 h - a ring of see invisible (right hand)
 l - a +5 ring of evasion (left hand)
 A - a ring of resist corrosion
Wands
 u - a wand of light (14)
 v - a wand of charming (7)
 w - a wand of iceblast (16)
 F - a wand of mindburst (1)
 I - a wand of flame (10)
Scrolls
 e - 7 scrolls of teleportation
 f - 2 scrolls of enchant weapon
 g - a scroll of blinking
 i - 2 scrolls of poison
 k - 9 scrolls of identify
 n - 2 scrolls of summoning
 t - 5 scrolls of fog
 H - a scroll of amnesia
 M - a scroll of fear {unknown}
Potions
 a - 3 potions of curing
 b - 2 potions of heal wounds {unknown}
 d - 2 potions of might
 j - 2 potions of flight {unknown}
 m - 2 potions of magic {unknown}
 o - a potion of ambrosia {unknown}
 q - 2 potions of haste {unknown}
 r - 2 potions of brilliance {unknown}
 x - 2 potions of mutation
 z - 3 potions of lignification {unknown}
 B - a potion of cancellation {unknown}
 C - a potion of attraction {unknown}
 G - a potion of berserk rage {unknown}
 J - a potion of invisibility {unknown}
 N - a potion of degeneration {unknown}
Miscellaneous
 K - a phantom mirror (inert)


   Skills:
 + Level 14.3 Fighting
 - Level 16.0 Axes
 + Level 15.3 Armour
 - Level 3.2 Shields


You had 11 spell levels left.
You didn't know any spells.
Your spell library contained the following spells:

 Spells                   Type           Power      Damage    Failure   Level
 Beastly Appendage        Tmut           0%         N/A       83%         1
 Magic Dart               Conj           0%         1d3       83%         1
 Call Imp                 Summ           0%         N/A       93%         2
 Cigotuvi's Dreadful Rot  Necr/Pois/Air  0%         N/A       93%         2
 Wereblood                Tmut           0%         N/A       93%         2
 Hailstorm                Conj/Ice       0%         3d3       99%         3
 Ignite Poison            Fire/Tmut/Pois 0%         N/A       99%         3
 Inner Flame              Hex/Fire       0%         N/A       99%         3
 Mephitic Cloud           Conj/Pois/Air  0%         N/A       99%         3
 Ozocubu's Armour         Ice            0%         N/A       99%         3
 Portal Projectile        Hex/Tloc       0%         N/A       99%         3
 Spider Form              Tmut/Pois      0%         N/A       99%         3
 Tukima's Dance           Hex            0%         N/A       99%         3
 Flame Wave               Conj/Fire      0%         2d4       100%        4
 Ice Form                 Ice/Tmut       0%         N/A       100%        4
 Sticky Flame             Conj/Fire      0%         2d3       100%        4
 Blade Hands              Tmut           0%         N/A       100%        5
 Freezing Cloud           Conj/Ice/Air   0%         6-21      100%        5
 Simulacrum               Ice/Necr       0%         N/A       100%        6
 Ozocubu's Refrigeration  Ice            0%         4d7       100%        7


Dungeon Overview and Level Annotations

Branches:
Dungeon (10/15)            Temple (0/1) D:5            Lair (2/5) D:8
Ossuary (visited)         Volcano (1/1)
  Swamp: Lair:2-3    Shoals: Lair:2-3     Snake: Lair:2-3    Spider: Lair:2-3
    Orc: D:9-12

Altars:
Ashenzari
Dithmenos
Elyvilon
Nemelex Xobeh
Okawaru
Qazlal
Ru
Sif Muna
Vehumet
Wu Jian
The Shining One

Shops:
D:3 !

Annotations:
D:6 2 transporters


Innate Abilities, Weirdness & Mutations

You have a pair of small horns on your head.
You are weak. (Str -2)
Your movements are slightly less encumbered by armour. (ER -2)


Message History

The centaur shoots an arrow.
The arrow misses your +3 spectral war axe.
You block the arrow.
The hell hound barely misses your +3 spectral war axe.
Something closely misses your +3 spectral war axe.
The centaur shoots an arrow.
The arrow hits your +3 spectral war axe!
Your spectral weapon shares its damage with you!
The arrow burns your +3 spectral war axe.
Your spectral weapon shares its damage with you!
* * * LOW HITPOINT WARNING * * *
Unknown command.
You swap places.
The hell hound barely misses you.
The centaur unwields a +2 shortbow of flaming.
It stops flaming.
You block the centaur's attack.
The centaur kicks you but does no damage.
The hell hound misses you.
The salamander hits you with a +0 glaive.
* * * LOW HITPOINT WARNING * * *
You are engulfed in flames!
* * * LOW HITPOINT WARNING * * *
There is an open door, spattered with blood here.
Items here: )) ††.
You hit the hell hound but do no damage.
The hell hound is lightly wounded.
You barely miss the salamander. You slash the centaur!
The hell hound breathes flames at you. The blast of flame misses you.
The centaur hits you but does no damage.
You block the centaur's attack.
It was a potion of mutation.
You feel extremely strange.
You feel less encumbered by your armour.
You feel weaker. A pair of horns grows on your head!
The hell hound bites you but does no damage.
The centaur hits you but does no damage.
The centaur closely misses you.
The salamander hits you with a +0 glaive.
* * * LOW HITPOINT WARNING * * *
You are engulfed in flames!
You die...

§#≈≈≈§..#...)'÷..≈≈≈≈≈
#≈≈≈§§≈.#....#)~≈≈≈≈≈≈
§§§≈§≈§.##..##...≈≈≈≈≈
§§≈≈§§...####..~≈~≈≈≈≈
§§§§≈≈.........~~≈≈≈≈≈
#≈≈≈≈≈...####..~≈~≈≈≈≈
≈§≈§§§§§##..##.~.≈≈≈≈≈
#≈§≈≈§§§#N...#.~≈≈≈≈≈≈
≈§≈≈§§§.@c..[#.~~≈≈≈≈≈
§≈≈≈≈≈≈.#h...#.~~≈≈≈≈≈
§≈≈≈≈§..##..##.~.≈≈≈≈≈
#≈≈§≈≈≈..####..~≈≈≈≈≈≈
§#≈§≈§§........~~≈≈≈≈≈
≈≈≈§§≈..####..~~~≈≈≈≈
≈§§§§≈§§## ##.~~≈≈≈≈≈
§§§≈§§§§# #^≈≈≈≈≈≈≈
≈#≈≈§.≈.# +^~~≈≈≈≈≈


You could see a salamander, a hell hound (catching breath) and a centaur.

Vanquished Creatures
  3 two-headed ogres
  Urug (Lair:1)
  Amaemon (D:8)
  Pikel (D:8)
  A salamander (Volcano)
  5 elephants
  An orange demon (D:8)
  2 cane toads (Lair:1)
  Maggie (D:8)
  A komodo dragon (Lair:1)
  2 hornets
  2 trolls
  Prince Ribbit (D:9)
  7 blink frogs (Lair:1)
  A fire bat (Volcano)
  9 yaks (Lair:1)
  2 basilisks (Lair:1)
  2 steam dragons (D:8)
  2 hell hounds (Volcano)
  An acid dragon (D:10)
  5 water moccasins
  2 black bears
  2 ice beasts
  4 orc warriors
  2 sky beasts
  An ogre (D:7)
  A centaur (D:10)
  9 wolves (Lair:1)
  A lemure (D:8)
  2 phantoms (D:6)
  Blork the orc (D:6)
  3 bullfrogs
  2 scorpions
  3 wights (D:8)
  A howler monkey (D:6)
  4 hounds
  A jelly (D:5)
  6 orc priests
  A gnoll bouda (D:7)
  A sleepcap (D:5)
  An iguana (D:5)
  8 orc wizards
  8 mummies (Ossuary)
  10 gnolls
  3 adders
  3 shadow imps (D:6)
  4 white imps
  2 ufetubi (D:6)
  A worm (D:2)
  2 dart slugs
  31 orcs
  2 endoplasms
  2 giant cockroaches
  3 gnoll zombies (Ossuary)
  7 goblins
  9 hobgoblins
  8 jackals
  4 kobolds
  3 quokkas
  2 ball pythons
  A bat (D:2)
  3 frilled lizards
  A hobgoblin zombie (Ossuary)
  3 kobold zombies (Ossuary)
  An orc zombie (Ossuary)
  4 rats (D:2)
224 creatures vanquished.

Vanquished Creatures (collateral kills)
  2 elephants (Lair:2)
  A bullfrog (Lair:2)
3 creatures vanquished.

Vanquished Creatures (others)
  8 fungi
  11 plants
19 creatures vanquished.

Grand Total: 246 creatures vanquished

Notes
Turn   | Place    | Note
-------+----------+-------------------------------------------
     0 | D:1      | BubbleThief the Hill Orc Fighter began the quest for the
                  | Orb.
     0 | D:1      | Reached XP level 1. HP: 19/19 MP: 1/1
   164 | D:1      | Reached skill level 3 in Axes
   321 | D:1      | Reached XP level 2. HP: 27/27 MP: 2/2
   942 | D:2      | Reached skill level 4 in Axes
   973 | D:2      | Reached XP level 3. HP: 33/33 MP: 3/3
  1301 | D:3      | Found Suwusaos's Distillery.
  1361 | D:3      | Found a sparkling altar of Nemelex Xobeh.
  1361 | D:3      | Found a shadowy altar of Dithmenos.
  1527 | D:3      | Found a glowing golden altar of the Shining One.
  1545 | D:3      | Became a worshipper of the Shining One
  1794 | D:3      | Reached XP level 4. HP: 35/41 MP: 4/4
  1894 | D:3      | Found a faded altar of an unknown god.
  1952 | D:3      | Found a sacrificial altar of Ru.
  2238 | D:4      | Reached skill level 5 in Axes
  2267 | D:4      | Noticed a scorpion
  2274 | D:4      | Killed a scorpion
  2275 | D:4      | Reached skill level 5 in Fighting
  2275 | D:4      | Reached skill level 6 in Axes
  2275 | D:4      | Reached XP level 5. HP: 48/48 MP: 5/5
  2556 | D:4      | Noticed a black bear
  2588 | D:4      | Found a radiant altar of Vehumet.
  2601 | D:4      | Found a broken altar of Ashenzari.
  2639 | D:4      | Killed a black bear
  2640 | D:4      | Reached skill level 7 in Axes
  2640 | D:4      | Reached XP level 6. HP: 55/56 MP: 6/6
  3148 | D:5      | Entered Level 5 of the Dungeon
  3221 | D:5      | Found a white marble altar of Elyvilon.
  3403 | D:5      | Noticed an ice beast
  3405 | D:5      | Reached skill level 8 in Axes
  3405 | D:5      | Reached XP level 7. HP: 63/63 MP: 7/7
  3793 | D:5      | Found a staircase to the Ecumenical Temple.
  4098 | D:6      | Reached * piety under the Shining One
  4107 | D:6      | Reached skill level 9 in Axes
  4205 | D:6      | Noticed Blork the orc
  4209 | D:6      | Killed Blork the orc
  4217 | D:6      | Reached XP level 8. HP: 73/73 MP: 8/8
  4234 | D:6      | Reached skill level 10 in Axes
  4301 | D:6      | Found a transporter.
  4531 | D:6      | Found a transporter.
  4632 | D:7      | Identified a scroll of acquirement
  4632 | D:7      | Acquired a manual of Armour
  4662 | D:7      | Reached skill level 11 in Axes
  4864 | D:7      | Found a sand-covered staircase.
  4871 | Ossuary  | Entered an ossuary
  4876 | Ossuary  | Reached ** piety under the Shining One
  5211 | D:7      | Reached skill level 5 in Armour
  5213 | D:7      | Reached XP level 9. HP: 76/82 MP: 9/9
  5357 | D:7      | Reached skill level 12 in Axes
  5550 | D:8      | Noticed an orange demon
  5551 | D:8      | Noticed Amaemon
  5558 | D:8      | Killed an orange demon
  5569 | D:8      | Killed Amaemon
  5570 | D:8      | Reached skill level 13 in Axes
  5792 | D:8      | Noticed Maggie
  5815 | D:8      | Killed Maggie
  6167 | D:8      | Found a staircase to the Lair.
  6181 | D:8      | Reached *** piety under the Shining One
  6231 | D:8      | Reached XP level 10. HP: 51/91 MP: 10/10
  6445 | D:8      | Found an iron altar of Okawaru.
  6476 | D:8      | Reached skill level 14 in Axes
  6811 | D:8      | Noticed Pikel
  6825 | D:8      | Killed Pikel
  6826 | D:8      | Reached skill level 10 in Fighting
  7214 | D:9      | Found a stormy altar of Qazlal.
  7223 | D:9      | Noticed Prince Ribbit
  7241 | D:9      | Killed Prince Ribbit
  7242 | D:9      | Reached skill level 15 in Axes
  7321 | D:9      | Found a shimmering blue altar of Sif Muna.
  7339 | D:9      | Found an ornate altar of the Wu Jian Council.
  7573 | D:9      | Noticed a two-headed ogre
  7584 | D:9      | Killed a two-headed ogre
  7585 | D:9      | Reached skill level 10 in Armour
  7709 | D:10     | Entered Level 10 of the Dungeon
  7720 | D:10     | Identified the +9 flail of Hemog {protect, Str+3 Int+4}
  7819 | D:10     | Paralysed by a hornet for 2 turns
  8363 | D:10     | Reached XP level 11. HP: 79/101 MP: 11/11
  8748 | Lair:1   | Entered Level 1 of the Lair of Beasts
  8769 | Lair:1   | Noticed Urug
  8770 | Lair:1   | Reached skill level 16 in Axes
  8820 | Lair:1   | Killed Urug
  9440 | Lair:1   | Reached **** piety under the Shining One
 10159 | Lair:2   | Reached XP level 12. HP: 115/115 MP: 12/12
 10160 | Lair:2   | Was placed under penance by the Shining One
 10169 | Lair:2   | Reached skill level 15 in Armour
 10182 | Lair:2   | Found a dark tunnel.
 10189 | Volcano  | Entered a volcano
 10204 | Volcano  | Noticed a two-headed ogre
 10209 | Volcano  | Killed a two-headed ogre
 10476 | Volcano  | Noticed a two-headed ogre
 10486 | Volcano  | Killed a two-headed ogre
 10489 | Volcano  | Gained mutation: Your movements are slightly less
                  | encumbered by armour. (ER -2) [potion of mutation]
 10489 | Volcano  | Gained mutation: You are weak. (Str -2) [potion of
                  | mutation]
 10489 | Volcano  | Gained mutation: You have a pair of small horns on your
                  | head. [potion of mutation]
 10489 | Volcano  | Slain by a salamander

Illustrated notes

Levels and vault maps discovered:
D:1:      dpeg_arrival_tiny_a, layout_loops_corners
D:2:      layout_rooms
D:3:      layout_basic, jmf_multi_god_temple, old_standard_altar,
          mainiacjoe_overflow_24_doors, serial_shops, shop,
          hellmonk_ecumenical_altar_zigzags
D:4:      layout_loops_corners, amethyst_overflow_temple_binary, serial_bayou,
          serial_bayou_lake_a, serial_bayou_lagoon_a, serial_bayou_shore_b,
          serial_bayou_pond_b, serial_bayou_shore_a, serial_bayou_pond_e
D:5:      layout_loops_ring, mainiacjoe_overflow_alcove_4,
          minmay_temple_entry_fiery
D:6:      gammafunk_steamed_eel, layout_basic, serial_demonic, serial_demonic_c,
          serial_demonic_d, serial_demonic_e, serial_demonic_b,
          uniq_blork_the_orc
D:7:      layout_gridville, chequers_ossuary_entry_cave
D:8:      layout_loops_ring, okawaru_altar_gauntlet_db, dpeg_oklobed_lair,
          enter_bailey_2, uniq_maggie, uniq_pikel, uniq_amaemon
D:9:      layout_big_octagon, nicolae_qazlal_scattered_showers,
          mainiacjoe_overflow_catwalk, nicolae_overflow_crystal_walls,
          kennysheep_generic_room_14, uniq_prince_ribbit1
D:10:     layout_basic, minmay_quadrilaterals
Lair:1:   layout_loops_ring, uniq_urug
Lair:2:   layout_hall_layers, elwin_shoals_entry_rocks, enter_volcano_2
Volcano:  volcano_village

Skill      XL: |  1  2  3  4  5  6  7  8  9 10 11 12 |
---------------+-------------------------------------+-----
Axes           | 3 4 6 7 8 9 11 13 15 16 | 16.0
Fighting       | 4 5 6 7 8 9 10 13 14 | 14.3
Armour         | 5 8 10 14 15 | 15.3
Shields        | |  3.2

Action                     |  1- 3 |  4- 6 |  7- 9 | 10-12 || total
---------------------------+-------+-------+-------+-------++-------
  Melee: War axe           |    98 |    72 |   175 |   249 ||   594
 Invoke: Divine Shield     |       |       |     1 |     1 ||     2
  Evoke: Wand              |       |       |       |     2 ||     2
         Phantom mirror    |       |       |       |     1 ||     1
    Use: Scroll            |       |       |    11 |     5 ||    16
         Potion            |       |       |       |     1 ||     1
 Armour: Scale mail        |    36 |    21 |     3 |       ||    60
         Chain mail        |       |       |    57 |    79 ||   136
  Dodge: Dodged            |    37 |    47 |    87 |   115 ||   286
  Block: Buckler           |    20 |    13 |    31 |    48 ||   112

Table legend: (Time is in decaauts)
 A = Elapsed time spent in this place.
 B = Non-inter-level travel time spent in this place.
 C = Inter-level travel time spent in this place.
 D = Time resting spent in this place.
 E = Time spent auto-exploring this place.
 F = Levels seen in this place.
 G = Mean time per level.
                   A        B        C        D        E       F      G
               +--------+--------+--------+--------+--------+-----+--------+
         Total |  10533 |  10219 |    314 |    267 |   8512 |  14 |  752.4 |
       Dungeon |   8616 |   8315 |    301 |     40 |   7172 |  10 |  861.6 |
          Lair |   1411 |   1398 |     13 |      0 |   1193 |   2 |  705.5 |
       Ossuary |    211 |    211 |      0 |      0 |    133 |   1 |  211.0 |
       Volcano |    293 |    293 |      0 |    227 |     14 |   1 |  293.0 |
               +--------+--------+--------+--------+--------+-----+--------+

Top non-repeatable levels by time:
     D:8: 1503 daAuts
  Lair:1: 1361 daAuts
     D:4: 1022 daAuts
    D:10: 990 daAuts
     D:3: 907 daAuts
     D:1: 845 daAuts
     D:5: 821 daAuts
     D:7: 714 daAuts
     D:9: 689 daAuts
     D:6: 649 daAuts
     D:2: 473 daAuts
 Volcano: 293 daAuts
 Ossuary: 211 daAuts
  Lair:2: 50 daAuts
